 Dungeon Crawl Stone Soup version 0.30.0-17-ge0270778cf (webtiles) character file.

Game seed: 3870187660228971452

2076 Schattenoger the Nimble (level 9, -5/41 HPs)
             Began as a Felid Summoner on May 21, 2023.
             Was an Initiate of Gozag.
             Slain by a yak (12 damage)
             ... on level 7 of the Dungeon.
             The game lasted 00:59:26 (9949 turns).

Schattenoger the Nimble (Felid Summoner)            Turns: 9949, Time: 00:59:27

Health: -5/41      AC:  2    Str: -1    XL:     9   Next: 6%
Magic:  16/19      EV: 22    Int: 23    God:    Gozag
Gold:   1279       SH:  0    Dex: 17    Spells: 8/21 levels left
                                        Lives:  0   Deaths: 2

rFire   . . .        (weapon unavailable)
rCold   + . .        (shield unavailable)
rNeg    . . .        (body armour unavailable)
rPois   .            (helmet unavailable)
rElec   .            (cloak unavailable)
rCorr   .            (gloves unavailable)
SInv    +            (boots unavailable)
Will    +....        b - amulet of Xossops {rF+ Regen+ Str-5 Int+3 Stlth+}
Stlth   +++          g - ring of ice
HPRegen 0.00/turn    w - ring of wizardry
MPRegen 0.16/turn

%: wizardry (x1)
@: inhibited regen, slowed, lost strength, studying Stealth, slow
A: very small, claws 1, fangs 3, see invisible, speed 1, shaggy fur 2, stealthy
paws, no weapons or thrown items, no armour, multi-lived
a: Renounce Religion, Potion Petition, Call Merchant, Bribe Branch


You were on level 7 of the Dungeon.
You worshipped Gozag.
Gozag was most pleased with you.
You visited 1 branch of the dungeon, and saw 8 of its levels.

You collected 1313 gold pieces.
You paid 34 gold pieces to Gozag.

Inventory:

Jewellery
 b - the amulet of Xossops (around neck) {rF+ Regen+ Str-5 Int+3 Stlth+}
   (You found it on level 7 of the Dungeon)

   [amulet of regeneration]

   Str:       It affects your strength (-5).
   Int:       It affects your intelligence (+3).
   rF:        It protects you from fire.
   Regen:     It increases your rate of health regeneration.
   Stlth:     It makes you more stealthy.
 g - a ring of ice (left paw)
 w - a ring of wizardry (right paw)
Wands
 s - a wand of flame (27)
Scrolls
 c - 2 scrolls of fog
 h - 2 scrolls of fear {unknown}
 i - a scroll of brand weapon {unknown}
 j - 2 scrolls of teleportation {unknown}
 m - a scroll of noise {unknown}
 o - a scroll of blinking {unknown}
 q - 2 scrolls of immolation {unknown}
 r - a scroll of torment {unknown}
 u - a scroll of enchant weapon
 v - a scroll of poison {unknown}
 x - a scroll of enchant armour {unknown}
Potions
 a - a potion of magic
 e - 3 potions of flight
 f - 7 potions of curing
 k - 7 potions of brilliance
 l - 2 potions of might
 p - 2 potions of lignification {unknown}
 t - a potion of haste


   Skills:
 + Level 5.8 Fighting
 + Level 8.5 Dodging
 - Level 2.6 Stealth
 + Level 6.5 Spellcasting
 - Level 5.0 Hexes
 + Level 8.0 Summonings
 + Level 4.2 Air Magic


You had 8 spell levels left.
You knew the following spells:

 Your Spells              Type           Power      Damage    Failure   Level
a - Summon Small Mammal   Summ           100%       N/A       1%          1
b - Call Imp              Summ           88%        N/A       1%          2
c - Call Canine Familiar  Summ           44%        N/A       1%          3
d - Summon Guardian Gole  Hex/Summ       37%        N/A       1%          3
e - Summon Lightning Spi  Summ/Air       35%        N/A       2%          4

Your spell library contained the following spells:

 Spells                   Type           Power      Damage    Failure   Level
 Apportation              Tloc           14%        N/A       3%          1
 Magic Dart               Conj           28%        1d4       3%          1
 Necrotise                Necr           28%        1d5       3%          1
 Dazzling Flash           Conj/Hex       38%        N/A       3%          3
 Searing Ray              Conj           14%        2d5       4%          2
 Fulminant Prism          Conj/Hex       9%         3d6       12%         4
 Silence                  Hex/Air        14%        N/A       14%         5
 Agony                    Necr           7%         N/A       63%         5


Dungeon Overview and Level Annotations

Branches:
Dungeon (8/15)             Temple (0/1) D:4
   Lair: D:8-11

Altars:
Cheibriados
Dithmenos
Elyvilon
Gozag
Hepliaklqana
Kikubaaqudgha
Makhleb
Ru
Sif Muna
Trog
Vehumet

Shops:
D:6 [


Innate Abilities, Weirdness & Mutations

You have sharp claws.
You have razor-sharp teeth.
You have supernaturally acute eyesight. (SInv)
You cover ground quickly. (Speed+)
You are covered in thick fur. (AC +2)
Your paws help you pounce on unaware monsters.
You are incapable of wielding weapons or throwing items.
You cannot wear armour.
You gain extra lives every three experience levels.


Message History

Attack!
Your wolf bites the bullfrog!!
The bullfrog dies!
Your Summonings skill increases to level 8!
You now have 1271 gold pieces (gained 6).
You now have 1279 gold pieces (gained 8).
You swap places.
You open the door.
There is an open door here.
As you open the door, it creaks loudly! As you open the door, it creaks loudly!
There is an open door here.
There is a stone staircase leading down here.
You swap places.
There is a stone staircase leading down here.
There is a stone staircase leading down here.
Found an escape hatch in the ceiling.
You swap places.
You open the door.
Your wolf disappears in a puff of smoke!
There is an open door here.
Done exploring.
Done exploring.
There is a stone staircase leading down here.
You climb downwards.
Found a bone wand, a war axe and 11 stones.
There is a stone staircase leading up here.
The yak bellows! x2
The yak closely misses you. The yak completely misses you.
You climb upwards.
There is a stone staircase leading down here.
Casting: Summon Guardian Golem (safe; 1% risk of failure)
Confirm with . or Enter, or press ? or * to list all spells.
The yak gores you! x2
* * * LOW HITPOINT WARNING * * *
The yak attacks as you move away! The yak completely misses you.
Your wolf bites the yak!
The yak attacks as you move away! The yak gores you!
You die...
Your body crumbles into a pile of gold.

########...## #####.######...
#...###### #.# #......
#........# #.# #.##.#.
#...####.# #.# #.##.#.
#......#.# #.# #.##.#.
##'#.....# #>###.##...
#.#.#.#####.....##...
#######.#.######.....###...
#........Y@...........##...
#.##.....h######......##...
#.#............'...........
#.#####.########...........
#<#.....# #....###'#......
#.###.### #.##.# #.#.##...
###+#.....# #.##.# #.#......
#.....#.#.# #.##'###........
#.....#.#.####.#..)#######...


You could see a yak (ally target) and a friendly wolf (summoned).

Vanquished Creatures
  A scorpion (D:6)
1 creature vanquished.

Vanquished Creatures (collateral kills)
  A wyvern (D:7)
  A steam dragon (D:7)
  Menkaure (D:7)
  A black bear (D:5)
  An orc warrior (D:6)
  2 ogres
  3 phantoms
  A kobold brigand (D:6)
  A bullfrog (D:7)
  2 scorpions
  Blork the orc (D:4)
  A water moccasin zombie (D:5)
  5 wights
  3 howler monkeys
  A centaur zombie (D:5)
  A bullfrog zombie (D:5)
  An iron imp (D:3)
  A bullfrog skeleton (D:5)
  2 jellies (D:7)
  2 centaur skeletons (D:5)
  6 hounds
  4 orc priests
  A sleepcap (D:5)
  2 iguanas (D:5)
  2 orc wizards
  3 hound zombies (D:5)
  5 adders
  4 gnolls (D:2)
  A shadow imp (D:7)
  2 ufetubi (D:5)
  An adder zombie (D:5)
  5 worms
  4 dart slugs
  19 orcs
  6 ball pythons
  5 bats
  9 endoplasms
  4 giant cockroaches
  11 goblins
  11 hobgoblins
  4 kobolds
  4 quokkas
  2 frilled lizards
  2 rats (D:1)
149 creatures vanquished.

Vanquished Creatures (others)
  A komodo dragon (D:7)
  A steam dragon (D:6)
  An ice beast (D:5)
  2 ogres
  2 centaurs
  2 wights (D:6)
  A howler monkey (D:7)
  Crazy Yiuf (D:4)
  A hound (D:5)
  An iguana (D:5)
  2 orc wizards (D:5)
  Robin (D:4)
  A white imp (D:5)
  2 ufetubi
  An orc (D:4)
  A goblin (D:4)
  2 hobgoblins (D:4)
23 creatures vanquished.

Grand Total: 173 creatures vanquished

Notes
Turn   | Place    | Note
-------+----------+-------------------------------------------
     0 | D:1      | Schattenoger the Felid Summoner began the quest for the
                  | Orb.
     0 | D:1      | Reached XP level 1. HP: 7/7 MP: 4/4
   362 | D:1      | Reached XP level 2. HP: 11/11 MP: 4/6
   365 | D:1      | Learned a level 2 spell: Call Imp
   975 | D:2      | Found an opulent altar of Gozag.
  1184 | D:2      | Reached XP level 3. HP: 14/14 MP: 2/8
  1404 | D:1      | Learned a level 3 spell: Call Canine Familiar
  1779 | D:2      | Reached XP level 4. HP: 18/18 MP: 1/9
  1859 | D:2      | Reached skill level 5 in Summonings
  1863 | D:2      | Learned a level 3 spell: Summon Guardian Golem
  1921 | D:2      | Became a worshipper of Gozag Ym Sagoz the Greedy
  2234 | D:3      | Found a snail-covered altar of Cheibriados.
  2265 | D:3      | Reached skill level 1 in Hexes
  2434 | D:3      | Reached XP level 5. HP: 21/21 MP: 7/11
  2530 | D:3      | Found a sacrificial altar of Ru.
  2565 | D:3      | Reached skill level 1 in Fighting
  2766 | D:3      | Gained mutation: You are covered in thick fur. (AC +2)
                  | [Felid growth]
  2766 | D:3      | Reached XP level 6. HP: 26/26 MP: 4/12
  3712 | D:4      | Found a burning altar of Makhleb.
  3726 | D:4      | Found a runed translucent door.
  3727 | D:4      | Noticed Crazy Yiuf
  3791 | D:4      | Found a staircase to the Ecumenical Temple.
  3854 | D:4      | Found a radiant altar of Vehumet.
  3901 | D:4      | Found a white marble altar of Elyvilon.
  3965 | D:4      | Noticed Blork the orc
  4054 | D:4      | Killed Blork the orc
  4276 | D:4      | Learned a level 4 spell: Summon Lightning Spire
  4526 | D:4      | Reached XP level 7. HP: 30/30 MP: 10/14
  4540 | D:4      | Noticed Robin
  4662 | D:4      | Killed Robin
  4733 | D:4      | Found a shadowy altar of Dithmenos.
  4797 | D:4      | Found a shimmering blue altar of Sif Muna.
  4800 | D:4      | Found an ancient bone altar of Kikubaaqudgha.
  5129 | D:4      | Killed Crazy Yiuf
  5231 | D:5      | Entered Level 5 of the Dungeon
  5486 | D:5      | Reached skill level 5 in Dodging
  5787 | D:5      | Reached XP level 8. HP: 34/34 MP: 8/16
  5908 | D:5      | Reached skill level 5 in Hexes
  6207 | D:5      | Reached skill level 1 in Air Magic
  6233 | D:5      | Reached skill level 5 in Spellcasting
  7043 | D:5      | Slain by a black bear
  7044 | D:5      | Reached XP level 7. HP: 0/33 MP: 6/16
  7229 | D:5      | Reached XP level 8. HP: 28/36 MP: 11/17
  7480 | D:6      | Found Muint's Armour Boutique.
  8339 | D:6      | HP: 1/36 [ogre/+0 giant spiked club (26)]
  8414 | D:6      | Reached skill level 5 in Fighting
  8592 | D:6      | Killed from afar by a steam dragon
  8593 | D:6      | Reached XP level 7. HP: -1/33 MP: 14/16
  8593 | D:6      | Killed a steam dragon
  8634 | D:6      | Reached XP level 8. HP: 37/37 MP: 15/18
  8717 | D:6      | Found a bloodstained altar of Trog.
  9125 | D:7      | Noticed a komodo dragon
  9134 | D:7      | Killed a komodo dragon
  9229 | D:7      | Found a hazy altar of Hepliaklqana.
  9452 | D:7      | Identified the amulet of Xossops {rF+ Regen+ Str-5 Int+3
                  | Stlth+}
  9459 | D:7      | Lost strength.
  9796 | D:7      | Noticed Menkaure
  9799 | D:7      | Killed Menkaure
  9800 | D:7      | Reached XP level 9. HP: 41/41 MP: 15/19
  9949 | D:7      | Slain by a yak

Illustrated notes

Levels and vault maps discovered:
D:1:      nzn_arrival_crosshair, layout_loops_cross
D:2:      layout_loops_ring, basic_altar
D:3:      kennysheep_six_static_rooms, layout_basic, slow_altar_1,
          mainiacjoe_overflow_concentric_impassable, nicolae_elevator_lobby_plus
D:4:      layout_cave_pools, amcnicky_altar_gilded, mainiacjoe_overflow_catwalk,
          mainiacjoe_overflow_alcove_1, old_standard_altar,
          nicolae_overflow_squiral, minmay_temple_entry_purple_smoke,
          chequers_serial_rivers_small_a, minmay_circle_x, uniq_robin,
          uniq_crazy_yiuf_cottage, uniq_blork_the_orc
D:5:      minmay_bubble_buster, layout_basic, serial_undead, serial_undead_e,
          serial_undead_c, serial_undead_d, serial_undead_a
D:6:      wander_river, layout_loops_corners, trog_antimagical,
          nicolae_take_the_stairs
D:7:      layout_basic, mainiacjoe_overflow_boulevard, uniq_menkaure
D:8:      layout_rooms, gammafunk_ghost_wrathful_warriors, serial_bayou_lake_a,
          uniq_pikel

Skill      XL: |  1  2  3  4  5  6  7  8  9 |
---------------+----------------------------+-----
Spellcasting   | 3 4 6 5 |  6.5
Summonings     | 5 7 8 |  8.0
Dodging        | 3 4 5 8 |  8.5
Hexes          | 1 2 3 4 5 |  5.0
Fighting       | 1 2 3 5 |  5.8
Air Magic      | 4 |  4.2
Stealth        | |  2.6

Action                     |  1- 3 |  4- 6 |  7- 9 || total
---------------------------+-------+-------+-------++-------
  Melee: Unarmed           |     6 |     8 |     6 ||    20
         Bite              |       |     1 |       ||     1
         Punch             |       |       |     1 ||     1
   Cast: Summon Small Mamm |    27 |     3 |       ||    30
         Call Imp          |    19 |     2 |    27 ||    48
         Call Canine Famil |     6 |    32 |    58 ||    96
         Summon Guardian G |       |    10 |    36 ||    46
         Summon Lightning  |       |       |     6 ||     6
    Use: Scroll            |       |     2 |     6 ||     8
   Stab: Distracted        |       |       |     1 ||     1
 Armour: Skin              |     1 |     2 |    11 ||    14
  Dodge: Dodged            |    36 |    18 |   132 ||   186
